Map: Catallena LE (Void)

Players

Ascarecrow - Winner!

  • Race: Zerg Zerg
  • League: Master
  • Spawn Location: 5:00

Faz

  • Race: Terran Terran
  • League: Master
  • Spawn Location: 12:00

VOD

Have the link to the VOD?

Description

Time

  • Played on: Aug. 18, 2017, 12:05 a.m.
  • Length: 13:23
Show
View Real Time Build Order
Export as new Build Order

Ascarecrow Zerg - Winner!

Build Orders: Pool First 

Get SALT Encoding   

  12  0:01  Drone  
  13  0:13  Overlord  
  13  0:17  Drone  
  14  0:31  Drone x2  
  17  0:35  Drone  
  17  0:46  Spawning Pool  
  17  0:49  Drone  
  17  0:57  Drone  
  18  1:14  Hatchery, Extractor  
  18  1:17  Drone  
  17  1:20  Drone  
  18  1:29  Drone  
  19  1:36  Roach Warren  
  18  1:42  Queen  
  18  1:46  Zergling x2  
  21  1:51  Drone  
  22  2:01  Overlord  
  22  2:19  Queen  
  22  2:22  Roach x2  
  28  2:28  Roach  
  30  2:30  Queen  
  32  2:39  Drone x2  
  34  2:48  Overlord  
  34  2:49  Drone  
  35  3:06  Drone  
  35  3:07  Drone x3  
  35  3:11  Lair  
  39  3:21  Drone x3  
  41  3:28  Overlord  
  41  3:33  Drone  
  42  3:47  Drone x3  
  45  3:52  Drone  
  45  3:53  Drone x5  
  51  4:06  Drone  
  52  4:10  Extractor  
  52  4:11  Extractor x2  
  52  4:13  Spire  
  52  4:15  Overlord  
  52  4:16  Drone  
  52  4:17  Drone  
  50  4:21  Evolution Chamber  
  49  4:24  Drone  
  49  4:25  Drone x2  
  49  4:29  Overlord  
  49  4:30  Overlord  
  52  4:33  Overlord  
  52  4:35  Drone x2  
  54  4:44  Drone  
  56  4:52  Drone  
  56  4:53  Drone x3  
  56  4:57  Hatchery  
  58  5:04  Overlord x2  
  58  5:05  Roach x3  
  64  5:11  Zerg Ground Armor Level 1  
  64  5:16  Roach x2  
  68  5:22  Roach  
  71  5:28  Ravager x3  
  71  5:31  Roach  
  71  5:34  Queen x2  
  68  5:53  Roach  
  68  5:54  Roach x6  
  78  5:57  Glial Reconstitution  
  78  6:08  Drone  
  78  6:09  Queen x2, Corruptor  
  85  6:21  Corruptor  
  87  6:31  Corruptor  
  87  6:40  Roach  
  87  6:41  Roach x4  
  87  6:46  Overlord x2  
  94  7:04  Overlord x3  
  92  7:10  Evolution Chamber  
  92  7:15  Queen x2  
  91  7:22  Hatchery, Overlord x2  
  90  7:24  Roach x4  
  98  7:38  Spore Crawler  
  98  7:41  Zerg Ground Armor Level 2, Zerg Missile Weapons Level 1  
  98  7:43  Roach x2  
  101  7:47  Overseer  
  101  7:55  Spore Crawler  
  101  7:57  Drone x6  
  106  8:07  Roach x2  
  110  8:13  Roach  
  110  8:14  Roach x3  
  110  8:18  Ravager x5  
  123  8:24  Overlord  
  123  8:27  Ravager  
  123  8:33  Roach  
  132  8:34  Roach x3  
  97  8:52  Roach x2  
  97  8:53  Roach x5  
  111  8:59  Queen  
  111  9:00  Drone  
  114  9:06  Drone x4  
  114  9:08  Drone  
  116  9:27  Roach  
  116  9:28  Roach x7  
  126  9:53  Roach  
  126  9:54  Roach x5  
  126  9:59  Overlord x3  
  138  10:06  Zerg Missile Weapons Level 2, Zerg Melee Weapons Level 1  
  138  10:16  Overlord  
  138  10:20  Ravager  
  142  10:21  Ravager x3  
  142  10:22  Ravager  
  142  10:25  Roach  
  142  10:28  Drone x2  
  147  10:29  Drone x2, Extractor  
  147  10:30  Drone  
  147  10:31  Extractor  
  147  10:32  Drone x3  
  147  10:33  Overlord  
  119  10:52  Roach x10  
  133  11:02  Roach  
  133  11:03  Roach x4  
  143  11:09  Infestation Pit  
  143  11:10  Ravager  
  143  11:13  Overlord x2  
  143  11:23  Drone x2  
  143  11:24  Drone x2  
  147  11:27  Spore Crawler  
  147  11:28  Metabolic Boost  
  147  11:29  Spore Crawler  
  145  11:37  Roach  
  145  11:38  Roach x5  
  157  11:42  Ravager x3  
  157  11:43  Ravager  
  161  11:57  Hive  
  161  12:04  Corruptor  
  163  12:10  Hatchery  
  139  12:37  Roach x13  
  135  12:38  Roach x3  
  165  12:50  Zergling x2  
  167  12:51  Zergling x8  
  170  12:58  Overseer  
  174  13:17  Ultralisk Cavern  
Show
View Real Time Build Order
Export as new Build Order

Faz Terran 

Build Orders: Reaper Expand, MMM Bio 

Get SALT Encoding   

  12  0:00  SCV  
  13  0:12  SCV  
  14  0:17  Supply Depot  
  14  0:25  SCV  
  15  0:39  SCV  
  15  0:40  Barracks  
  16  0:45  Refinery  
  16  0:51  SCV  
  17  1:03  SCV  
  18  1:15  SCV  
  19  1:27  Reaper  
  19  1:28  Orbital Command  
  20  1:42  Command Center  
  20  1:52  Barracks  
  20  1:56  SCV  
  20  2:00  Barracks Reactor  
  21  2:05  Refinery  
  21  2:08  SCV  
  22  2:13  Supply Depot  
  22  2:20  SCV  
  23  2:36  Marine x2, SCV  
  26  2:40  Factory, Barracks Tech Lab  
  26  2:48  SCV  
  26  2:58  Marine x2  
  27  3:02  Stimpack  
  27  3:05  Bunker  
  27  3:11  Marauder  
  29  3:17  Marine x2  
  29  3:27  SCV  
  29  3:34  Bunker  
  29  3:35  Marauder  
  29  3:39  SCV  
  32  3:43  Marine  
  32  3:44  Marine  
  34  3:53  Starport, Factory Reactor  
  33  4:06  SCV  
  34  4:13  Marine x2  
  34  4:14  Marine  
  37  4:20  SCV  
  37  4:23  Orbital Command  
  38  4:33  SCV  
  38  4:37  Medivac x2  
  43  4:40  Marine  
  43  4:42  Marine  
  43  4:43  Marine  
  46  4:51  Supply Depot  
  46  4:57  Factory Tech Lab, SCV  
  46  4:58  SCV  
  48  5:00  Marine  
  48  5:02  Marine  
  50  5:09  SCV  
  50  5:10  SCV  
  52  5:21  Medivac, Marine  
  54  5:22  SCV x2  
  54  5:23  Marine  
  54  5:24  Marine  
  59  5:30  Supply Depot  
  59  5:43  Engineering Bay  
  59  5:45  Engineering Bay  
  56  5:56  SCV x2  
  57  5:57  Marine  
  57  5:58  Combat Shields, Marine x2  
  62  6:08  SCV x2  
  62  6:18  Marine x2  
  62  6:19  Marine  
  62  6:20  SCV  
  62  6:21  SCV  
  62  6:24  Terran Infantry Weapons Level 1  
  62  6:25  Terran Infantry Armor Level 1  
  67  6:35  SCV x2  
  69  6:40  Command Center  
  69  6:45  Marine  
  70  6:53  Marine  
  70  6:56  Marine  
  70  6:58  Siege Tank  
  69  7:03  Marine, Starport Reactor  
  69  7:08  Barracks  
  69  7:11  Barracks  
  69  7:12  Barracks  
  69  7:17  SCV  
  69  7:21  Supply Depot  
  70  7:25  Marine x2, Marauder, SCV  
  70  7:29  Armory  
  75  7:35  Siege Tank  
  66  7:44  Medivac x2  
  78  7:48  SCV x2  
  78  7:50  Refinery  
  84  7:54  Refinery  
  84  7:59  Orbital Command  
  84  8:04  Barracks Reactor x2  
  84  8:07  SCV x2  
  86  8:16  Marine  
  86  8:17  Marine x3  
  90  8:20  Siege Tank  
  90  8:22  Marauder, Orbital Command, SCV  
  90  8:23  SCV  
  87  8:51  Marine x4, Marauder  
  87  8:52  Marine x3  
  95  8:59  Marine  
  96  9:04  SCV  
  96  9:05  SCV x2  
  96  9:09  Marine x2  
  101  9:12  Marine x3  
  101  9:19  Marine  
  101  9:20  Marine  
  101  9:21  Medivac, SCV  
  101  9:22  Medivac  
  101  9:23  Siege Tank  
  86  9:35  Marine  
  86  9:36  Marine x3  
  89  9:38  Marine  
  89  9:39  Marine x2  
  89  9:40  Marine x2  
  89  9:42  SCV x3  
  92  9:46  Terran Infantry Weapons Level 2, Terran Infantry Armor Level 2  
  92  9:55  Marine x2, Siege Tank  
  92  9:56  Barracks x3  
  92  9:58  Marauder  
  99  10:01  SCV  
  99  10:06  Supply Depot  
  100  10:07  Supply Depot  
  100  10:21  Marine  
  101  10:23  Factory  
  101  10:27  Factory  
  101  10:28  Medivac x2, Marine x7  
  109  10:30  Supply Depot  
  109  10:32  Supply Depot  
  92  10:49  Marine  
  77  10:50  Marine x5, Marauder  
  75  10:57  Marine  
  75  10:58  Marine  
  75  10:59  Siege Tank  
  78  11:07  Marine x2  
  78  11:08  Marine, Barracks Tech Lab  
  78  11:09  Barracks Tech Lab x2, Factory Tech Lab  
  78  11:11  Factory Tech Lab  
  77  11:15  Marine  
  78  11:23  Marine x3  
  81  11:29  Orbital Command  
  81  11:30  Marauder  
  83  11:36  Siege Tank  
  86  11:43  Siege Tank  
  89  11:49  Siege Tank  
  89  11:51  Marine  
  93  11:58  Marine x2  
  95  12:04  Marauder  
  97  12:18  Marine  
  97  12:19  Marine x2, Marauder x2  
  90  12:34  Marine x2  
  86  12:42  Orbital Command  
  86  12:43  Siege Tank  
  89  12:57  Marine x2, Marauder  
Tags
 
Add a new tag
Caveats
  • Supply blocks, unpowered buildings, or Contaminate may cause inaccurate times.
  • Supply counts are checked every 10 seconds.